 Dungeon Crawl Stone Soup version 0.31-a0-1549-g5ff9445e89 (webtiles) character file.

Game seed: 7874074416946611857

1456 MisterAzrael the Changeling (level 8, 0/57 HPs)
             Began as an Octopode Shapeshifter on Jan 3, 2024.
             Was a Follower of Ashenzari.
             Slain by a sky beast (5 damage)
             ... on level 6 of the Dungeon.
             The game lasted 00:08:08 (5817 turns).

MisterAzrael the Changeling (Octopode Shapeshifter) Turns: 5817, Time: 00:08:09

Health: 0/57       AC:  1    Str: 15    XL:     8   Next: 76%
Magic:  8/8        EV: 13    Int: 12    God:    Ashenzari [*.....]
Gold:   405        SH:  0    Dex: 12    Spells: 7/7 levels left

rFire   x .          .
                       - Unarmed
rCold   + + .        (no shield)
rNeg    . . .        (helmet currently unavailable)
rPois   +            B - amulet "Suspicion of Ashenzari" {RegenMP, Dev, Fort} (curse)
rElec   .            m - ring of Ashenzari's Pragmatism {rPois, Elem, Self} (curse)
rCorr   .            r - ring "Share My Insecurity" {rC+, Cun, Melee} (curse)
SInv    .            u - ring of ice
Will    .....        (no ring)
Stlth   ++           (no ring)
HPRegen 0.29/turn    (no ring)
MPRegen 0.51/turn    (no ring)
                     (no ring)

%: no passive effects
@: beast-form
A: beast (slay +4), almost no armour, amphibious, 8 rings, camouflage 1,
gelatinous body 1, (nimble swimmer 1), tentacles
a: Begin Untransformation, Renounce Religion, Shatter the Chains


You were on level 6 of the Dungeon.
You worshipped Ashenzari.
Ashenzari was aware of your devotion.
You were a hulking beast.
You visited 2 branches of the dungeon, and saw 8 of its levels.

You collected 405 gold pieces.

Inventory:

Missiles
 d - 6 poisoned darts
 n - 5 boomerangs
Magical Staves
 j - a staff of cold
Jewellery
 m - the cursed ring of Ashenzari's Pragmatism (left tentacle) {rPois, Elem, Self}
   (You found it on level 3 of the Dungeon)

   [ring of poison resistance]

   rPois:     It protects you from poison It has a curse which improves the
   following skills: Elements: Fire Magic, Ice Magic, Air Magic and Earth Magic.
   Introspection: Fighting and Spellcasting.
 r - the cursed ring "Share My Insecurity" (right tentacle) {rC+, Cun, Melee}
   (You found it on level 4 of the Dungeon)

   [ring of protection from cold]

   rC+:       It protects you from cold.
   It has a curse which improves the following skills: Cunning: Dodging and
   Stealth.
   Melee Combat: Short Blades, Long Blades, Axes, Maces & Flails, Polearms,
   Staves and Unarmed Combat.
 t - an amulet of the acrobat
 u - a ring of ice (on tentacle)
 B - the cursed amulet "Suspicion of Ashenzari" (around mantle) {RegenMP, Dev, Fort}
   (You found it on level 5 of the Dungeon)

   [amulet of magic regeneration]

   RegenMP:   It increases your rate of magic regeneration.
   It has a curse which improves the following skills: Devices: Evocations and
   Shapeshifting.
   Fortitude: Shields.
Talismans
 b - a beast talisman
 c - a flux talisman
Wands
 z - a wand of flame (26)
Scrolls
 g - 4 scrolls of teleportation
 h - 3 scrolls of blinking
 i - a scroll of revelation
 k - a scroll of fear
 o - 4 scrolls of fog
 p - a scroll of vulnerability
 s - 2 scrolls of enchant weapon
 v - 2 scrolls of immolation
 w - 3 scrolls of amnesia
Potions
 a - a potion of lignification
 e - a potion of curing
 f - a potion of resistance
 l - 6 potions of might
 q - a potion of mutation
 x - a potion of enlightenment
 A - a potion of haste


   Skills:
 + Level 5.2(6.0) Fighting
 - Level 2.0(2.6) Dodging
 + Level 6.0(6.8) Unarmed Combat
 + Level 0.2(0.4) Spellcasting
 * Level 7.4(8.3) Shapeshifting


You had 7 spell levels left.
You didn't know any spells.
Your spell library contained the following spells:

 Spells                   Type           Power      Damage    Failure   Level
 Jinxbite                 Hex            0%         N/A       43%         2
 Ozocubu's Armour         Ice            0%         N/A       67%         3
 Metabolic Englaciation   Hex/Ice        0%         N/A       100%        5
 Yara's Violent Unravell  Hex/Alch       0%         3d3       100%        5
 Sculpt Simulacrum        Ice/Alch       0%         N/A       100%        6
 Enfeeble                 Hex            0%         N/A       100%        7


Dungeon Overview and Level Annotations

Branches:
Dungeon (7/15)             Temple (1/1) D:4

Altars:
Ashenzari
Cheibriados
Elyvilon
Fedhas
Gozag
Kikubaaqudgha
Nemelex Xobeh
Okawaru
Qazlal
Ru
Sif Muna
Trog
Uskayaw
Vehumet
Wu Jian
Zin
The Shining One

Shops:
D:2 *

Annotations:
D:3 1 runed translucent door, Crazy Yiuf
D:6 3 runed translucent doors, voltaire321's ghost, novice MfAl
D:7 Jeremiah


Innate Abilities, Weirdness & Mutations

You are a hulking beast.
Your limbs bulge with bestial killing power. (Slay +4)
You cannot wear most types of armour.
You are amphibious.
You can wear up to eight rings at the same time.
Your skin changes colour to match your surroundings (Stealth+).
Your rubbery body absorbs attacks. (AC +1, EV +1)
((You are camouflaged when in or above water. (Stealth+)))
You have tentacles for arms and can constrict up to eight enemies at once.


Message History

You bludgeon the gnoll! You grab the gnoll.
The gnoll is almost dead.
You constrict the gnoll.
You kill the gnoll!
No target in view!
You start resting.
HP restored.
You start waiting.
Done waiting.
You climb downwards.
Level annotation: Jeremiah The sky beast flickers out of sight!
Deactivating autopickup; reactivate with Ctrl-A.
Something hits you. Something shocks you. The gnoll misses you.
The gnoll hits you with a +0 club.
A sky beast appears from thin air!
Reactivating autopickup.
The sky beast hits you but does no damage.
There is a stone staircase leading up, spattered with blood here.
The gnoll hits you with a +0 club! The gnoll barely misses you.
Jeremiah hops!
The sky beast closely misses you.
You climb upwards.
Level annotation: 3 runed translucent doors, voltaire321's ghost, novice MfAl
There is a stone staircase leading down here.
You tentacle-slap the sky beast. You squeeze the sky beast.
The sky beast is moderately wounded.
The gnoll hits you with a +0 club! x2; The sky beast hits you.
The sky beast shocks you.
* * * LOW HITPOINT WARNING * * *
You miss the sky beast.
The sky beast is moderately wounded.
The gnoll barely misses you. The gnoll hits you with a +0 club.
* * * LOW HITPOINT WARNING * * *
You barely miss the sky beast. You tentacle-slap the sky beast!
The sky beast is severely wounded.
The sky beast flickers out of sight!
Deactivating autopickup; reactivate with Ctrl-A.
Something hits you.
* * * LOW HITPOINT WARNING * * *
Something shocks you.
You die...

#...##.≈≈#≈>⌠≈#....## #....
#.......§#≈≈≈≈#.≈...####.##.
#####....#...§§≈§##§§........##.
##.............§§≈§§....#...).##.
................§§.≈..........##.
.#.....<................#.....##.
.###.#.....##..#..#..............
.# #.#.........#{...#..##########
.# #.#...#.....)h.#......# .#
#.#...#..#..g.g.....#.# .#
#.##.##..#..........#.# ####
.###........#..........#.# #...
###.........##.>#........# #.##
###.........##..###..##..#####.#
......#.......).>##............#
###..)......#.........##########
.............>...##.#)#


You could see 2 gnolls.

Vanquished Creatures
  Pikel (D:5)
  A water moccasin (D:6)
  A black bear (D:6)
  2 ogres
  A lemure (D:5)
  2 scorpions (D:6)
  2 bombardier beetles
  A jelly (D:6)
  3 hounds
  2 sleepcaps
  4 iguanas
  An orc wizard (D:5)
  2 gnolls (D:6)
  5 adders
  A white imp (D:6)
  2 ufetubi (D:5)
  2 ribbon worms
  3 dart slugs
  10 orcs
  3 ball pythons
  6 bats
  4 endoplasms
  3 giant cockroaches
  3 goblins
  5 hobgoblins
  3 quokkas
  3 frilled lizards
  2 kobolds
  8 rats
86 creatures vanquished.

Notes
Turn   | Place    | Note
-------+----------+-------------------------------------------
     0 | D:1      | MisterAzrael the Octopode Shapeshifter began the quest for
                  | the Orb.
     0 | D:1      | Reached XP level 1. HP: 13/13 MP: 1/1
   319 | D:1      | Reached XP level 2. HP: 15/18 MP: 2/2
   610 | D:2      | Reached XP level 3. HP: 23/23 MP: 3/3
   891 | D:2      | Found Zyapp's Assorted Antiques.
  1446 | D:3      | Reached XP level 4. HP: 29/29 MP: 4/4
  1652 | D:3      | Reached skill level 4 in Shapeshifting
  1921 | D:3      | Found a runed translucent door.
  1922 | D:3      | Noticed Crazy Yiuf
  2570 | D:4      | Found a staircase to the Ecumenical Temple.
  2578 | D:4      | Reached XP level 5. HP: 35/35 MP: 5/5
  2590 | Temple   | Entered the Ecumenical Temple
  2621 | Temple   | Became a worshipper of Ashenzari the Shackled
  2888 | D:4      | Found the Hermit's Pendant {Faith Invo=14 Evo=0 MP+5}
  3137 | D:5      | Entered Level 5 of the Dungeon
  3299 | D:5      | Reached XP level 6. HP: 42/42 MP: 6/6
  3431 | D:5      | Found a sacrificial altar of Ru.
  3508 | D:5      | Noticed Pikel
  3522 | D:5      | Killed Pikel
  3523 | D:5      | Reached skill level 5 in Unarmed Combat
  3523 | D:5      | Reached skill level 6 in Shapeshifting
  3523 | D:5      | Reached XP level 7. HP: 13/49 MP: 7/7
  3693 | D:5      | Found a glowing golden altar of the Shining One.
  3791 | D:5      | Reached XP level 8. HP: 50/54 MP: 8/8
  4467 | D:6      | Found a runed translucent gate.
  4467 | D:6      | Found a runed translucent gate.
  4473 | D:6      | Found a runed translucent gate.
  4476 | D:6      | Noticed voltaire321's ghost (novice MfAl)
  4490 | D:6      | Reached * piety under Ashenzari
  4798 | D:6      | Found a glowing silver altar of Zin.
  4916 | D:6      | Reached skill level 7 in Shapeshifting
  5023 | D:6      | Found a stormy altar of Qazlal.
  5033 | D:6      | Reached skill level 5 in Fighting
  5626 | D:7      | Noticed Jeremiah
  5817 | D:6      | Slain by a sky beast

Illustrated notes

Levels and vault maps discovered:
D:1:      dreamdust_arrival_sigmund_warning, layout_basic
D:2:      layout_loops_ring, serial_shops, shop, kennysheep_cluttered_room
D:3:      layout_basic, serial_corexii_hall, chequers_hall_statues_y,
          chequers_hall_statues_y, corexii_hall_statues_i,
          chequers_hall_statues_corner_a, dreamdust_wishing_well,
          nicolae_kite_square_tiling_tiny, feat_on_display,
          uniq_crazy_yiuf_cottage
D:4:      layout_cave_pods, minmay_temple_entry_mist, minivault_1,
          serial_library_regret_index_double_sided
D:5:      layout_cave_pods, nicolae_ru_great_annihilating_truth,
          mainiacjoe_overflow_tiny_flanked, nrook_mini_backslash, uniq_pikel
D:6:      layout_loops_cross, mainiacjoe_overflow_paths,
          nicolae_qazlal_general_emergency, ebering_ghost_rock_garden
D:7:      layout_cave_pools, uniq_jeremiah
Temple:   cyrus_circular_temple

Skill      XL: |  1  2  3  4  5  6  7  8 |
---------------+-------------------------+-----
Fighting       | 2 3 4 5 |  5.2
Shapeshifting  | 4 6 7 |  7.4
Unarmed Combat | 4 5 6 |  6.0
Dodging        | |  2.0
Spellcasting   | |  0.2

Action                     |  1- 3 |  4- 6 |  7- 9 || total
---------------------------+-------+-------+-------++-------
  Melee: Unarmed           |    54 |    64 |    72 ||   190
         Tentacles         |    16 |    12 |    17 ||    45
         Constrict         |    16 |    15 |    20 ||    51
         Punch             |     2 |     3 |     5 ||    10
 Invoke: Curse Item        |       |     1 |     2 ||     3
    Use: Potion            |       |     1 |     2 ||     3
   Stab: Sleeping          |     1 |     6 |     4 ||    11
         Distracted        |       |     1 |       ||     1
 Armour: Skin              |    23 |    18 |    47 ||    88
  Dodge: Dodged            |    31 |    40 |    44 ||   115

Table legend: (Time is in decaauts)
 A = Elapsed time spent in this place.
 B = Non-inter-level travel time spent in this place.
 C = Inter-level travel time spent in this place.
 D = Time resting spent in this place.
 E = Time spent auto-exploring this place.
 F = Levels seen in this place.
 G = Mean time per level.
                   A        B        C        D        E       F      G
               +--------+--------+--------+--------+--------+-----+--------+
         Total |   5800 |   5625 |    175 |    858 |   4000 |   8 |  725.0 |
       Dungeon |   5763 |   5588 |    175 |    858 |   4000 |   7 |  823.3 |
        Temple |     36 |     36 |      0 |      0 |      0 |   1 |   36.0 |
               +--------+--------+--------+--------+--------+-----+--------+

Top non-repeatable levels by time:
     D:6: 1361 daAuts
     D:5: 1266 daAuts
     D:3: 1036 daAuts
     D:4: 769 daAuts
     D:2: 748 daAuts
     D:1: 538 daAuts
     D:7: 42 daAuts
  Temple: 36 daAuts
